 Dungeon Crawl Stone Soup version 0.32-a0-975-g85d4e5bfdb (webtiles) character file.

Game seed: 1527666153172750409

595 Maxmaps the Cudgeller (level 7, -9/70 HPs)
             Began as an Oni Shapeshifter on Apr 18, 2024.
             Mangled by a two-headed ogre
             ... wielding a +0 giant club
              (16 damage)
             ... on level 5 of the Dungeon.
             The game lasted 00:06:37 (3740 turns).

Maxmaps the Cudgeller (Oni Shapeshifter)            Turns: 3740, Time: 00:06:37

Health: -9/70      AC:  3    Str: 19    XL:     7   Next: 40%
Magic:  7/7        EV:  8    Int: 13    God:
Gold:   224        SH:  0    Dex:  8    Spells: 6/6 levels left

rFire   . . .        x - +1 whip
rCold   . . .        (no shield)
rNeg    . . .        a - +0 animal skin
rPois   .            (helmet currently unavailable)
rElec   .            (cloak currently unavailable)
rCorr   .            (gloves unavailable)
SInv    .            (boots unavailable)
Will    .....        (no amulet)
Stlth   +            (no ring)
HPRegen 0.31/turn    (no ring)
MPRegen 0.10/turn

%: no passive effects
@: beast-form, hasted, very quick
A: beast (slay +1), large, unfitting armour, horns 1, tough skin 1, double
potion healing, drunken brawling
a: Begin Untransformation


You were on level 5 of the Dungeon.
You were a hulking beast.
You visited 1 branch of the dungeon, and saw 5 of its levels.

You collected 224 gold pieces.

Inventory:

Hand Weapons
 x - a +1 whip (weapon)
Armour
 a - a +0 animal skin (worn)
Talismans
 c - a beast talisman (active)
 d - a flux talisman
Wands
 q - a wand of warping (11)
Scrolls
 e - a scroll of teleportation
 l - a scroll of immolation
 r - a scroll of fog
Potions
 b - 2 potions of lignification
 f - a potion of curing
 h - 2 potions of brilliance
 i - a potion of degeneration {unknown}
 j - a potion of heal wounds {unknown}
 k - a potion of might {unknown}
 m - a potion of attraction {unknown}
 n - a potion of ambrosia {unknown}
 o - a potion of invisibility {unknown}
 t - a potion of mutation {unknown}
 v - a potion of magic {unknown}


   Skills:
 - Level 4.0 Fighting
 + Level 7.0 Maces & Flails
 - Level 1.7 Dodging
 - Level 2.6 Unarmed Combat
 - Level 3.0 Shapeshifting


You had 6 spell levels left.
You didn't know any spells.
Your spell library was empty.

Dungeon Overview and Level Annotations

Branches:
Dungeon (5/15)
 Temple: D:4-7

Altars:
Cheibriados
Qazlal
Uskayaw
Vehumet
Zin


Innate Abilities, Weirdness & Mutations

You are a hulking beast.
Your limbs bulge with bestial killing power. (Slay +1)
You are too large for most types of armour.
You have a pair of small horns on your head.
You have tough skin. (AC +1)
You gain doubled healing and magic from potions.
Whenever you drink a healing potion, you attack all around you.


Message History

The phantom is almost destroyed.
The phantom hits you.
You hit the phantom.
The phantom is almost destroyed.
You hit the phantom.
You destroy the phantom!
Your Maces & Flails skill increases to level 7!
No target in view!
You hear the slow rusting of a drain nearby.
HP restored.
There is a stone staircase leading up here.
You open the door.
Found a glowing silver altar of Zin.
There is an open door here.
There is a glowing silver altar of Zin here.
As you open the door, it creaks loudly!
No target in view!
There is an open door here.
You hear the slow rusting of a very distant drain.
Found a plate armour.
No target in view!
No target in view!
A two-headed ogre comes into view. It is wielding two +0 giant clubs.
Found a stone staircase leading down.
The two-headed ogre shouts in stereo!
The two-headed ogre hits you with a +0 giant club!!
The two-headed ogre closely misses you.
You see here a +0 plate armour.
A two-headed ogre is nearby!
A two-headed ogre is nearby!
You hit the two-headed ogre but do no damage.
Your headbutt misses the two-headed ogre.
You hit the two-headed ogre.
The two-headed ogre is lightly wounded.
The two-headed ogre barely misses you.
The two-headed ogre hits you with a +0 giant club!!
* * * LOW HITPOINT WARNING * * *
You feel yourself speed up.
The two-headed ogre hits you with a +0 giant club!
You die...

# ## #. #. #. ## # #
#.#### #>Oh.#
#.##.###############
# #................
#################


You could see a two-headed ogre.

Vanquished Creatures
  2 black bears (D:4)
  A phantom (D:5)
  3 hounds
  An iguana (D:4)
  A sleepcap (D:4)
  An orc priest (D:4)
  2 orc wizards
  3 adders (D:4)
  2 ribbon worms
  A dart slug (D:1)
  6 orcs
  9 endoplasms
  3 giant cockroaches
  9 goblins
  9 hobgoblins
  4 jackals (D:4)
  A quokka (D:3)
  7 ball pythons
  6 bats
  2 frilled lizards (D:2)
  4 kobolds
  5 rats
82 creatures vanquished.

Notes
Turn   | Place    | Note
-------+----------+-------------------------------------------
     0 | D:1      | Maxmaps the Oni Shapeshifter began the quest for the Orb.
     0 | D:1      | Reached XP level 1. HP: 19/19 MP: 1/1
   156 | D:1      | Reached XP level 2. HP: 29/29 MP: 2/2
   202 | D:1      | Found a faded altar of an unknown god.
   423 | D:1      | Reached XP level 3. HP: 39/39 MP: 3/3
  1039 | D:2      | Reached skill level 1 in Maces & Flails
  1205 | D:2      | Reached skill level 2 in Maces & Flails
  1205 | D:2      | Reached XP level 4. HP: 39/48 MP: 4/4
  1736 | D:3      | Found a snail-covered altar of Cheibriados.
  2129 | D:3      | Found a hide-covered altar of Uskayaw.
  2160 | D:4      | Found a radiant altar of Vehumet.
  2239 | D:4      | Reached skill level 3 in Maces & Flails
  2256 | D:4      | Reached XP level 5. HP: 50/54 MP: 5/5
  2360 | D:4      | Noticed a black bear
  2368 | D:4      | Killed a black bear
  2369 | D:4      | Reached skill level 4 in Maces & Flails
  2369 | D:4      | Reached XP level 6. HP: 36/62 MP: 6/6
  2383 | D:4      | Reached skill level 5 in Maces & Flails
  3028 | D:4      | Found a stormy altar of Qazlal.
  3074 | D:4      | Noticed a black bear
  3080 | D:4      | Killed a black bear
  3081 | D:4      | Reached skill level 6 in Maces & Flails
  3081 | D:4      | Reached XP level 7. HP: 55/70 MP: 7/7
  3586 | D:5      | Entered Level 5 of the Dungeon
  3605 | D:5      | Reached skill level 7 in Maces & Flails
  3680 | D:5      | Found a glowing silver altar of Zin.
  3736 | D:5      | Noticed a two-headed ogre
  3740 | D:5      | Mangled by a two-headed ogre

Illustrated notes

Levels and vault maps discovered:
D:1:      scummos_arrival_simple_fountains, layout_basic,
          ebering_ecumenical_altar_abandoned, serial_park_tiny_1
D:2:      layout_basic
D:3:      layout_loops_ring, slow_altar_2, lemuel_round_altar
D:4:      layout_loops_ring, vehumet_crystals, mainiacjoe_overflow_alcove_1,
          guppyfry_early_orc_mine
D:5:      layout_loops_ring, grunt_temple_overflow_open, kennysheep_little_box,
          cheibrodos_sewer_entry_sluice

Skill      XL: |  1  2  3  4  5  6  7 |
---------------+----------------------+-----
Fighting       | 2 3 4 |  4.0
Maces & Flails | 2 3 4 6 7 |  7.0
Dodging        | |  1.7
Unarmed Combat | |  2.6
Shapeshifting  | |  3.0

Action                     |  1- 3 |  4- 6 |  7- 9 || total
---------------------------+-------+-------+-------++-------
  Melee: Unarmed           |    48 |       |       ||    48
         Headbutt          |    11 |    21 |     6 ||    38
         Punch             |     1 |       |       ||     1
         Mace              |    16 |    29 |       ||    45
         Club              |    12 |       |       ||    12
         Whip              |       |    87 |    47 ||   134
    Use: Scroll            |       |    13 |       ||    13
         Potion            |       |     1 |     1 ||     2
 Armour: Animal skin       |    49 |    76 |    27 ||   152
  Dodge: Dodged            |    32 |    40 |    16 ||    88

Table legend: (Time is in decaauts)
 A = Elapsed time spent in this place.
 B = Non-inter-level travel time spent in this place.
 C = Inter-level travel time spent in this place.
 D = Time resting spent in this place.
 E = Time spent auto-exploring this place.
 F = Levels seen in this place.
 G = Mean time per level.
                   A        B        C        D        E       F      G
               +--------+--------+--------+--------+--------+-----+--------+
         Total |   3730 |   3580 |    150 |    388 |   2600 |   5 |  746.0 |
       Dungeon |   3730 |   3580 |    150 |    388 |   2600 |   5 |  746.0 |
               +--------+--------+--------+--------+--------+-----+--------+

Top non-repeatable levels by time:
     D:4: 1205 daAuts
     D:3: 853 daAuts
     D:1: 777 daAuts
     D:2: 744 daAuts
     D:5: 150 daAuts
